 Dungeon Crawl Stone Soup version 0.31-a0-981-geadf994542 (webtiles) character file.

Game seed: 17497511581287236865

157700 tsujin the Spry (level 18, -6/145 HPs)
             Began as a Djinni Conjurer on Oct 31, 2023.
             Was a Priest of Ashenzari.
             Mangled by a seven-headed hydra (9 damage)
             ... on level 3 of the Swamp.
             The game lasted 01:52:40 (27849 turns).

tsujin the Spry (Djinni Conjurer)                  Turns: 27849, Time: 01:52:40

Health: -6/145     AC:  9    Str:  8    XL:     18   Next: 33%
Gold:   2707       EV: 22    Int: 27    God:    Ashenzari [***...] SH:  8 Dex: 18

rFire   + + .        m - +6 hand axe of Desmomancy {flame, Int+3 Dex+4, Bglg, Self} (curse)
rCold   x . .        p - +1 buckler "Sidereal Omen" {Dev, Self} (curse)
rNeg    . . .        M - +1 steam dragon scales "Anxiety of Ashenzari" {Self, Elem} (curse)
rPois   ∞            V - +2 hat "Chagrin of Ashenzari" {Self, Comp} (curse)
rElec   .            (no cloak)
rCorr   +            F - +0 pair of gloves
SInv    +            (boots unavailable)
Will    ++...        B - amulet "Mantic Fetters" {Regen+, Bglg, Elem} (curse)
Stlth   ++++++       e - ring of willpower
HPRegen 1.24/turn    z - ring of resist corrosion
MPRegen 0.00/turn

%: clarity, infuse magic (-7 HP)
@: flying, very slightly contaminated, hasted, studying Stealth, very quick
A: sickness immunity, fire resistance 2, cold vulnerability 1, float, innate
caster, HP casting, extra vitality 1
a: Renounce Religion, Curse Item, Shatter the Chains


You were on level 3 of the Swamp.
You worshipped Ashenzari.
Ashenzari was most pleased with you.
You visited 4 branches of the dungeon, and saw 26 of its levels.
You also visited: Sewer, Ossuary and Ice Cave.

You collected 4579 gold pieces.
You spent 1872 gold pieces at shops.

Inventory:

Hand Weapons
 m - the cursed +6 hand axe of Desmomancy (weapon) {flame, Int+3 Dex+4, Bglg, Self}
   (You found it on level 3 of the Dungeon)

   Int+3:     It affects your intelligence (+3).
   Dex+4:     It affects your dexterity (+4).
   It has a curse which improves the following skills: Beguiling: Conjurations,
   Hexes and Translocations.
   Introspection: Fighting and Spellcasting.
Missiles
 a - 2 throwing nets
 q - 6 curare-tipped darts
Armour
 p - the cursed +1 buckler "Sidereal Omen" (worn) {Dev, Self}
   (You found it in a sewer)

   It has a curse which improves the following skills: Devices: Evocations and
   Shapeshifting.
   Introspection: Fighting and Spellcasting.
 D - a +1 cloak
 F - a +0 pair of gloves (worn)
 M - the cursed +1 steam dragon scales "Anxiety of Ashenzari" (worn) {Self, Elem}
   (You took it off Maggie on level 1 of the Lair of Beasts)

   It has a curse which improves the following skills: Introspection: Fighting
   and Spellcasting.
   Elements:  Fire Magic, Ice Magic, Air Magic and Earth Magic.
 V - the cursed +2 hat "Chagrin of Ashenzari" (worn) {Self, Comp}
   (You found it in an ice cave)

   It has a curse which improves the following skills: Introspection: Fighting
   and Spellcasting.
   Companions: Summonings and Necromancy.
Magical Staves
 E - a staff of conjuration
Jewellery
 e - a ring of willpower (left hand)
 u - an amulet of reflection
 z - a ring of resist corrosion (right hand)
 B - the cursed amulet "Mantic Fetters" (around neck) {Regen+, Bglg, Elem}
   (You took it off a gnoll bouda on level 4 of the Dungeon)

   [amulet of regeneration]

   Regen+:    It increases your rate of health regeneration.
   It has a curse which improves the following skills: Beguiling: Conjurations,
   Hexes and Translocations.
   Elements:  Fire Magic, Ice Magic, Air Magic and Earth Magic.
 O - a +6 ring of dexterity
 P - a +6 ring of strength
 R - a ring of positive energy
 Y - the amulet "Umod" {RegenMP -Tele rC+++ Int+4 Dex-2}
   (You found it on level 13 of the Dungeon)

   [amulet of magic regeneration]

   RegenMP:   It increases your rate of magic regeneration.
   Int+4:     It affects your intelligence (+4).
   Dex-2:     It affects your dexterity (-2).
   rC+++:     It renders you almost immune to cold.
   -Tele:     It prevents most forms of teleportation.
Wands
 v - a wand of polymorph (40)
 x - a wand of paralysis (52)
 y - a wand of mindburst (31)
 G - a wand of digging (19)
 H - a wand of roots (28)
 U - a wand of light (8)
Scrolls
 c - 7 scrolls of noise
 g - 4 scrolls of summoning
 i - 6 scrolls of vulnerability
 j - 6 scrolls of enchant weapon
 l - 5 scrolls of blinking
 A - 3 scrolls of teleportation
 I - 3 scrolls of fear
 K - 6 scrolls of revelation
 N - 2 scrolls of immolation
 S - 2 scrolls of torment
 W - a scroll of poison
 X - 2 scrolls of fog
Potions
 b - 4 potions of ambrosia
 d - 9 potions of heal wounds
 f - 6 potions of enlightenment
 h - 6 potions of cancellation
 n - 2 potions of magic
 o - 3 potions of attraction
 r - 5 potions of might
 s - 6 potions of lignification
 t - 4 potions of resistance
 w - 4 potions of brilliance
 C - 14 potions of curing
 J - 4 potions of mutation
 L - a potion of berserk rage
Miscellaneous
 k - a phial of floods
 Q - a condenser vane
 T - a phantom mirror


   Skills:
 + Level 14.6(18.1) Fighting
 + Level 16.0 Dodging
 + Level 14.9 Stealth
 - Level 8.4 Shields
 + Level 13.8(17.3) Spellcasting
 + Level 13.8(15.9) Conjurations
 + Level 13.8(15.9) Hexes
 + Level 13.8(15.2) Summonings
 + Level 13.8(15.2) Necromancy
 + Level 13.8(15.9) Translocations
 + Level 13.8 Transmutations
 + Level 13.8(15.9) Fire Magic
 + Level 13.8(15.9) Ice Magic
 + Level 13.8(15.9) Air Magic
 + Level 13.8(15.9) Earth Magic
 + Level 13.8 Poison Magic


You knew the following spells:

 Your Spells              Type           Power      Damage    Failure   Level
a - Magic Dart            Conj           100%       1d8       0%          1
b - Searing Ray           Conj           100%       2d8       0%          2
c - Dazzling Flash        Conj/Hex       100%       N/A       0%          3
d - Fulminant Prism       Conj/Hex       41%        3d19      1%          4
e - Iskenderun's Mystic   Conj/Tloc      83%        2d16      1%          4
f - Foxfire               Conj/Fire      100%       2x1d9     0%          1
g - Blink                 Tloc           100%       N/A       0%          2
h - Inner Flame           Hex/Fire       83%        N/A       0%          3
i - Dimensional Bullseye  Hex/Tloc       41%        N/A       1%          4
j - Lee's Rapid Deconstr  Erth           41%        3d20*     1%          5
k - Freezing Cloud        Conj/Ice/Air   41%        6-21      1%          5
l - Eringya's Noxious Bo  Tmut/Pois      39%        4d6       1%          6
m - Summon Hydra          Summ           40%        N/A       4%          7
Your spell library was empty.

Dungeon Overview and Level Annotations

Branches:
Dungeon (15/15)            Temple (0/1) D:6            Lair (5/5) D:11
  Swamp (4/4) Lair:2       Spider (0/4) Lair:3        Slime (0/5) Lair:5
    Orc (2/2) D:11            Elf (0/3) Orc:2        Vaults (0/5) D:13
 Depths (0/4) D:15          Sewer (visited)         Ossuary (visited)
  IceCv (visited)

Altars:
Ashenzari
Cheibriados
Dithmenos
Elyvilon
Gozag
Nemelex Xobeh
Okawaru
Qazlal
Wu Jian
Yredelemnul
Jiyva

Shops:
D:3 [   D:11 (((=   D:15 =([!   Orc:2 ((!?**

Portals:
Trove: D:13 (give 8 scrolls of fog)

Annotations:
D:8 1 runed translucent door
Orc:1 4 transporters


Innate Abilities, Weirdness & Mutations

You are immune to sickness and miasma.
You are immune to poison.
Your flesh is very heat resistant. (rF++)
You are vulnerable to cold. (rC-)
You float through the air rather than walking.
You learn spells naturally, not from books.
Your magical power is your life essence.
You have superior vitality. (+4 MHP)


Message History

That felt strangely unrewarding.
The mystic blast hits the seven-headed hydra!!
The seven-headed hydra is severely wounded.
The seven-headed hydra is knocked back by the mystic blast.
You take 2 damage, and have 57/145 hp.
Casting: Iskenderun's Mystic Blast (safe; 1% risk of failure)
Confirm with . or Enter, or press ? or * to list all spells.
You miscast Summon Hydra.
You are very lightly contaminated with residual magic.
A chorus of moans calls out in your mind.
A nameless horror comes into view.
You take 6 damage, and have 51/145 hp.
The seven-headed hydra attacks as it pursues you!
The seven-headed hydra completely misses you.
The seven-headed hydra barely misses you.
You block the seven-headed hydra's attack.
The seven-headed hydra bites you. x2
The seven-headed hydra bites you but does no damage.
The seven-headed hydra bites you!
* * * LOW HITPOINT WARNING * * *
You take 12 damage, and have 39/145 hp.
You feel yourself speed up.
You block the seven-headed hydra's attack. x2
The seven-headed hydra completely misses you.
The seven-headed hydra misses you. The seven-headed hydra bites you!
* * * LOW HITPOINT WARNING * * *
The seven-headed hydra completely misses you.
The seven-headed hydra bites you!
* * * LOW HITPOINT WARNING * * *
You take 21 damage, and have 18/145 hp.
You feel much better.
The seven-headed hydra bites you but does no damage.
The seven-headed hydra bites you!
* * * LOW HITPOINT WARNING * * *
The seven-headed hydra bites you.
* * * LOW HITPOINT WARNING * * *
The seven-headed hydra bites you!
* * * LOW HITPOINT WARNING * * *
The seven-headed hydra bites you!
You die...

♣♣♣♣♣.♣♣~~...~♣ ♣~~..♣♣♣♣.♣♣♣♣..♣
♣.~..~♣..♣♣ ♣♣♣.~♣..♣.♣♣.~♣.♣
♣♣♣♣.~~.♣♣♣♣ ♣♣~.§§♣♣.♣~..~~♣
♣♣♣.>♣♣~~~♣♣ ♣♣.~..~♣♣.♣..~.~♣
..~~..♣~~~~♣ ♣♣♣>~§~..~~~....~.♣
.~~~~....♣♣♣ ♣♣§.~~~..~.~§~~.~..♣
~~§~.~..>.~♣♣♣.n..~♣♣≈≈♣♣.~..~.♣♣
~♣♣♣♣~~~.~~.♣♣.~..♣♣♣≈≈≈♣♣..~..~♣
..†♣♣.~~~~~~...D@.≈♣♣≈≈≈≈♣♣....~♣
...~..~~.~~~.~~X~~♣♣♣≈≈≈≈≈......♣
.~....§.♣....~~~~~♣♣≈≈≈≈≈♣≈~.~~.♣
~♣♣♣♣>~~.~~~.~~~~..♣.≈≈≈♣♣~~~~~~♣
.~...~~~~~~..~~~~...♣♣♣♣♣~~~.~~.♣
..~~~~~~~~~...~~~~..♣~(~~~~~.~~~♣
~~~~~....~~.......~♣♣...~~~~~~.♣♣
~~~~....~~~<.~♣♣♣♣♣♣.....♣~~♣♣~.♣
~~~~~~.~~~.....♣♣.~♣♣...♣♣♣♣♣♣♣♣♣


You could see a ghoul, a seven-headed hydra and a nameless horror.

Vanquished Creatures
  A tengu reaver (D:13)
  Roxanne (Swamp:1)
  The ghost of Dordric the Cruncher, a journeyman DjFE of Makhleb (Lair:5)
  An orc warlord (Orc:2)
  An eleionoma (Lair:2)
  2 bunyips (Swamp:1)
  Azrael (D:15)
  An ettin (D:15)
  A yaktaur captain (D:13)
  The ghost of p00ps00p the Cleaver, a journeyman HOFi of Gozag (D:11)
  A shambling mangrove (Lair:2)
  9 hydras
  The ghost of Haiq the Summoner, a journeyman MfSu of Kikubaaqudgha (D:11)
  2 ironbound frosthearts (IceCv)
  2 catoblepae
  Erica (Lair:1)
  An ogre mage (D:13)
  An ice dragon (Lair:5)
  2 alligators (Swamp:1)
  8 centaur warriors
  11 death yaks
  4 boulder beetles
  A death knight (D:13)
  11 two-headed ogres
  2 tengu warriors
  6 orc high priests
  The ghost of osoart the Changeling, a novice TrSh of Okawaru (D:5)
  An occultist (D:15)
  6 spriggans (Swamp:1)
  2 skysharks
  A shadow wraith (D:13)
  4 skeletal warriors
  A deep troll (D:15)
  4 goliath frogs
  3 lindwurms (Lair:5)
  5 orc knights
  5 oklob plants (Lair:5)
  A deep elf pyromancer (D:12)
  Pikel (D:9)
  An orc sorcerer (Orc:2)
  19 ugly things
  4 manticores
  5 cyclopes
  A will-o-the-wisp (Lair:2)
  A faun (shapeshifter) (D:13)
  A necromancer (D:15)
  8 elephants
  An elephant (shapeshifter) (D:15)
  9 black mambas
  6 torpor snails
  An ice statue (IceCv)
  10 cane toads
  2 freezing wraiths (D:15)
  A gargoyle (D:12)
  12 komodo dragons
  3 centaur skeletons (D:13)
  An unseen horror (D:13)
  Maggie (Lair:1)
  4 yaktaurs (D:13)
  2 kobold demonologists
  A komodo dragon (shapeshifter) (D:14)
  7 rime drakes
  A tengu conjurer (D:13)
  3 trolls
  A meliai (D:13)
  20 polar bears
  13 hornets
  4 tyrant leeches
  The ghost of Xavori the Trooper, an amateur DjCK of Xom (D:4)
  A nameless horror (Swamp:3)
  2 hornets (shapeshifter)
  10 blink frogs
  The ghost of sammy202020 the Changeling, an amateur OpSh (D:4)
  10 dream sheep
  15 slime creatures
  The ghost of jasper the Conjurer, an amateur DECj of Vehumet (D:4)
  2 wraiths
  63 yaks
  3 shadows
  2 vampires (D:13)
  6 wyverns
  A fire elemental (D:15)
  5 basilisks
  Edmund (D:6)
  8 wargs
  7 vampire mosquitoes
  2 swamp worms (Swamp:1)
  5 acid dragons
  3 hell hounds (D:15)
  20 water moccasins
  37 orc warriors
  2 black bears
  A sky beast (D:6)
  3 ice beasts
  6 ogres
  30 wolves
  11 centaurs
  3 lemures (D:9)
  5 kobold brigands
  12 bullfrogs
  2 gnoll sergeants
  A scorpion (D:7)
  12 wights
  The ghost of p00ps00p the Trooper, a weakling HOFi (D:4)
  3 killer bees (D:9)
  3 howler monkeys (D:5)
  7 electric eels (D:8)
  3 hounds (D:5)
  A lava snake (D:8)
  2 centaur zombies (Ossuary)
  8 jellies
  28 orc priests
  A human zombie (Ossuary)
  4 gnoll boudas
  20 orc wizards
  3 iguanas
  7 hell rats
  A boggart skeleton (D:13)
  4 mummies (Ossuary)
  39 gnolls
  8 adders
  A white imp (D:7)
  2 ufetubi (D:6)
  2 worms
  2 dart slugs
  79 orcs
  12 ball pythons
  26 endoplasms
  6 giant cockroaches
  10 goblins
  10 hobgoblins
  19 jackals
  36 kobolds
  2 quokkas (D:1)
  10 bats
  8 frilled lizards
  A goblin zombie (Ossuary)
  A hobgoblin zombie (Ossuary)
  A kobold skeleton (D:8)
  A kobold zombie (Ossuary)
  2 orc zombies (Ossuary)
  6 rats
  2 fulminant prisms
928 creatures vanquished.

Vanquished Creatures (collateral kills)
  Aizul (Swamp:2)
  A fenstrider witch (Swamp:2)
  An eleionoma (Swamp:2)
  Nessos (Orc:2)
  A bunyip (Swamp:4)
  2 hydras
  3 alligators
  A centaur warrior (D:15)
  A boulder beetle (D:15)
  3 ghost crabs
  A goliath frog (Swamp:3)
  A spriggan druid (Swamp:4)
  3 bog bodies
  3 swamp dragons
  A will-o-the-wisp (Swamp:3)
  A cyclops (D:15)
  A bloated husk (Swamp:1)
  5 tyrant leeches
  3 hornets
  3 spriggans
  2 vampire mosquitoes (Swamp:2)
  9 swamp worms
  3 nameless horrors
  2 swamp drakes
  An orc priest (Orc:2)
  An adder (D:4)
  3 orcs (Orc:2)
  A ball python (D:4)
59 creatures vanquished.

Vanquished Creatures (others)
  A bloated husk (Swamp:3)
  An orc wizard (D:6)
  3 ball lightnings (Lair:5)
  14 foxfires
  464 fulminant prisms
483 creatures vanquished.

Grand Total: 1470 creatures vanquished

Notes
Turn   | Place    | Note
-------+----------+-------------------------------------------
     0 | D:1      | tsujin the Djinni Conjurer began the quest for the Orb.
     0 | D:1      | tsujin set off with the following spells memorised: Magic
                  | Dart, Searing Ray, Dazzling Flash, Fulminant Prism,
                  | Iskenderun's Mystic Blast.
     0 | D:1      | Reached XP level 1. HP: 15/15 MP: 0/0
   158 | D:1      | Reached XP level 2. HP: 19/21 MP: 0/0
   466 | D:1      | Reached XP level 3. HP: 23/25 MP: 0/0
   466 | D:1      | Learned a level 1 spell: Foxfire
   630 | D:1      | Found a faded altar of an unknown god.
   829 | D:2      | Identified the "Putygeck"
  1037 | D:2      | Reached XP level 4. HP: 28/31 MP: 0/0
  1656 | D:2      | Reached XP level 5. HP: 33/35 MP: 0/0
  1656 | D:2      | Learned a level 2 spell: Blink
  2097 | D:3      | tsujin: za
  2097 | D:3      | tsujin: za
  2198 | D:3      | Found a white marble altar of Elyvilon.
  2204 | D:3      | Found a broken altar of Ashenzari.
  2213 | D:3      | Became a worshipper of Ashenzari the Shackled
  2366 | D:3      | Identified the +6 hand axe of Beogh's Benevolence {flame,
                  | Int+3 Dex+4}
  2391 | D:3      | Found a glowing drain.
  2414 | Sewer    | Entered a sewer
  2483 | Sewer    | Reached skill level 5 in Spellcasting
  2483 | Sewer    | Reached skill level 5 in Conjurations
  2483 | Sewer    | Reached skill level 5 in Hexes
  2483 | Sewer    | Reached skill level 5 in Summonings
  2483 | Sewer    | Reached skill level 5 in Necromancy
  2483 | Sewer    | Reached skill level 5 in Translocations
  2483 | Sewer    | Reached skill level 5 in Transmutations
  2483 | Sewer    | Reached skill level 5 in Fire Magic
  2483 | Sewer    | Reached skill level 5 in Ice Magic
  2483 | Sewer    | Reached skill level 5 in Air Magic
  2483 | Sewer    | Reached skill level 5 in Earth Magic
  2483 | Sewer    | Reached skill level 5 in Poison Magic
  2583 | Sewer    | Noticed a kobold brigand
  2595 | Sewer    | Killed a kobold brigand
  2596 | Sewer    | Reached XP level 6. HP: 29/40 MP: 0/0
  2837 | Sewer    | Reached skill level 1 in Fighting
  2837 | Sewer    | Reached skill level 1 in Shields
  3017 | D:3      | Found Lootiqap's Armour Shop.
  3471 | D:4      | Reached XP level 7. HP: 45/47 MP: 0/0
  3471 | D:4      | Learned a level 3 spell: Inner Flame
  3646 | D:4      | Reached skill level 3 in Dodging
  4084 | D:4      | Found a runed translucent gate.
  4084 | D:4      | Found a runed translucent gate.
  4084 | D:4      | Found a runed translucent gate.
  4084 | D:4      | Noticed p00ps00p's ghost (weakling HOFi)
  4085 | D:4      | Noticed Xavori's ghost (amateur DjCK)
  4086 | D:4      | Noticed jasper's ghost (amateur DECj)
  4086 | D:4      | Noticed sammy202020's ghost (amateur OpSh)
  4341 | D:5      | Entered Level 5 of the Dungeon
  4489 | D:5      | Reached XP level 8. HP: 46/55 MP: 0/0
  4642 | D:5      | Found an opulent altar of Gozag.
  4669 | D:5      | Found a runed translucent gate.
  4669 | D:5      | Found a runed translucent gate.
  4669 | D:5      | Found a runed translucent gate.
  4670 | D:5      | Noticed osoart's ghost (novice TrSh)
  4949 | D:5      | Reached skill level 4 in Dodging
  5117 | D:5      | Found an iron altar of Okawaru.
  5866 | D:6      | Noticed Edmund
  5873 | D:6      | Killed Edmund
  5874 | D:6      | Reached XP level 9. HP: 57/62 MP: 0/0
  5874 | D:6      | Learned a level 4 spell: Dimensional Bullseye
  5900 | D:6      | Reached skill level 5 in Dodging
  6110 | D:3      | Bought the +1 robe of Fun and Games {Int+4} for 232 gold
                  | pieces
  6197 | D:6      | Found a staircase to the Ecumenical Temple.
  6232 | D:6      | Identified the +0 chain mail "Girr" {Dex+7 SInv}
  6239 | D:6      | Found a snail-covered altar of Cheibriados.
  6788 | D:7      | Reached skill level 6 in Dodging
  6854 | D:7      | Reached skill level 5 in Fighting
  6854 | D:7      | Reached skill level 5 in Shields
  6860 | D:7      | Reached skill level 5 in Stealth
  6863 | D:7      | Reached XP level 10. HP: 39/70 MP: 0/0
  7120 | D:7      | Found a sparkling altar of Nemelex Xobeh.
  7533 | D:8      | Found a sand-covered staircase.
  7541 | Ossuary  | Entered an ossuary
  7772 | D:8      | Found a runed translucent door.
  8055 | D:8      | Reached skill level 7 in Dodging
  8090 | D:8      | You are sucked into a shaft and drop 1 floor!
  8195 | D:8      | Found a basalt altar of Yredelemnul.
  8650 | D:9      | Reached XP level 11. HP: 75/78 MP: 0/0
  8650 | D:9      | Learned a level 5 spell: Lee's Rapid Deconstruction
  9036 | D:9      | Found a stormy altar of Qazlal.
  9142 | D:9      | Noticed Pikel
  9163 | D:9      | Killed Pikel
  9445 | D:9      | Identified a scroll of acquirement
  9445 | D:9      | Acquired 554 gold pieces
  9488 | D:10     | Entered Level 10 of the Dungeon
  9580 | D:10     | Reached skill level 8 in Dodging
  9588 | D:10     | Noticed a two-headed ogre
  9608 | D:10     | Killed a two-headed ogre
  9808 | D:10     | Found a shadowy altar of Dithmenos.
 10157 | D:11     | Found Qejet's Jewellery Shop.
 10226 | D:11     | Found a runed translucent gate.
 10257 | D:11     | Noticed a cyclops
 10270 | D:11     | Killed a cyclops
 10335 | D:11     | Found a staircase to the Lair.
 10355 | D:11     | Noticed a two-headed ogre
 10370 | D:11     | Killed a two-headed ogre
 10415 | D:11     | Reached * piety under Ashenzari
 10429 | D:11     | Found a staircase to the Orcish Mines.
 10475 | D:11     | Found a runed translucent gate.
 10475 | D:11     | Found a runed translucent gate.
 10475 | D:11     | Noticed Haiq's ghost (journeyman MfSu)
 10477 | D:11     | Noticed p00ps00p's ghost (journeyman HOFi)
 10477 | D:11     | Identified the +11 mace "Qufuwn" {speed, Str+3}
 10491 | D:11     | Noticed a cyclops
 10501 | D:11     | Killed a cyclops
 10502 | D:11     | Reached skill level 9 in Dodging
 10660 | D:11     | Found Judoat's Weapon Shoppe.
 10686 | D:11     | Found Mueraec's Weapon Boutique.
 10745 | D:11     | Found Vavok's Antique Weapon Boutique.
 10986 | D:5      | Killed osoart's ghost
 10987 | D:5      | Reached XP level 12. HP: 74/88 MP: 0/0
 11098 | D:4      | Killed sammy202020's ghost
 11101 | D:4      | Killed jasper's ghost
 11101 | D:4      | Killed Xavori's ghost
 11104 | D:4      | Killed p00ps00p's ghost
 11456 | Lair:1   | Entered Level 1 of the Lair of Beasts
 11468 | Lair:1   | Noticed Maggie
 11475 | Lair:1   | Noticed Erica
 11479 | Lair:1   | Killed Maggie
 11488 | Lair:1   | Killed Erica
 12435 | Lair:1   | Reached skill level 10 in Dodging
 12482 | Lair:2   | Noticed a death yak
 12482 | Lair:2   | Noticed a death yak
 12482 | Lair:2   | Noticed a death yak
 12482 | Lair:2   | Noticed a death yak
 12482 | Lair:2   | Noticed a death yak
 12482 | Lair:2   | Noticed a death yak
 12511 | Lair:2   | Found a staircase to the Swamp.
 12511 | Lair:2   | Noticed an eleionoma
 12532 | Lair:2   | Killed an eleionoma
 12624 | Lair:2   | Killed a death yak
 12625 | Lair:2   | Reached XP level 13. HP: 83/96 MP: 0/0
 12625 | Lair:2   | Learned a level 5 spell: Freezing Cloud
 13037 | Lair:2   | Reached skill level 11 in Dodging
 13881 | Lair:3   | Reached skill level 10 in Fighting
 14131 | Lair:1   | Reached ** piety under Ashenzari
 14360 | Lair:3   | Reached skill level 10 in Spellcasting
 14360 | Lair:3   | Reached skill level 10 in Conjurations
 14360 | Lair:3   | Reached skill level 10 in Hexes
 14360 | Lair:3   | Reached skill level 10 in Summonings
 14360 | Lair:3   | Reached skill level 10 in Necromancy
 14360 | Lair:3   | Reached skill level 10 in Translocations
 14360 | Lair:3   | Reached skill level 10 in Transmutations
 14360 | Lair:3   | Reached skill level 10 in Fire Magic
 14360 | Lair:3   | Reached skill level 10 in Ice Magic
 14360 | Lair:3   | Reached skill level 10 in Air Magic
 14360 | Lair:3   | Reached skill level 10 in Earth Magic
 14360 | Lair:3   | Reached skill level 10 in Poison Magic
 14484 | Lair:3   | Reached XP level 14. HP: 79/106 MP: 0/0
 14999 | Lair:3   | Found a hole to the Spider Nest.
 15228 | Lair:4   | Identified the of Ras Dana
 15421 | Lair:4   | Reached skill level 10 in Stealth
 15432 | Lair:4   | Reached skill level 12 in Dodging
 16174 | Lair:5   | Entered Level 5 of the Lair of Beasts
 16614 | Lair:5   | Found a large runed translucent door.
 16614 | Lair:5   | Found a large runed translucent door.
 16614 | Lair:5   | Noticed Dordric's ghost (journeyman DjFE)
 16770 | Lair:5   | Reached XP level 15. HP: 90/114 MP: 0/0
 16770 | Lair:5   | Learned a level 6 spell: Eringya's Noxious Bog
 16846 | Lair:5   | Found a viscous altar of Jiyva.
 16846 | Lair:5   | Found a staircase to the Slime Pits.
 17339 | Lair:5   | Found a runed translucent door.
 17721 | Lair:5   | Killed Dordric's ghost
 18145 | D:11     | Killed p00ps00p's ghost
 18150 | D:11     | Killed Haiq's ghost
 18316 | D:12     | Reached skill level 13 in Dodging
 19038 | Orc:1    | Entered Level 1 of the Orcish Mines
 19181 | Orc:1    | Found a transporter.
 19186 | Orc:1    | Found an ornate altar of the Wu Jian Council.
 19190 | Orc:1    | Found a transporter.
 19190 | Orc:1    | Found a frozen archway.
 19218 | IceCv    | Entered an ice cave
 19759 | IceCv    | Reached XP level 16. HP: 90/122 MP: 0/0
 20118 | Orc:1    | Found a transporter.
 20138 | Orc:1    | Found a transporter.
 20139 | Orc:1    | Found an ornate altar of the Wu Jian Council.
 20292 | Orc:2    | Entered Level 2 of the Orcish Mines
 20316 | Orc:2    | Noticed Nessos
 20504 | Orc:2    | Killed Nessos
 20739 | Orc:2    | Found Qirurgha's Specific Store.
 20741 | Orc:2    | Found Eqiss's General Store.
 20746 | Orc:2    | Bought a scroll of fog for 40 gold pieces
 20746 | Orc:2    | Bought a potion of curing for 30 gold pieces
 20756 | Orc:2    | Found a staircase to the Elven Halls.
 21101 | Orc:2    | Reached *** piety under Ashenzari
 21342 | Orc:2    | Found Reiqoam's Weapon Emporium.
 21343 | Orc:2    | Found Jocisut's Distillery.
 21343 | Orc:2    | Found Isiz's Antique Weapon Emporium.
 21344 | Orc:2    | Found Ozxecvea's Magic Scroll Emporium.
 21350 | Orc:2    | Bought a scroll of revelation for 112 gold pieces
 21350 | Orc:2    | Bought a scroll of revelation for 112 gold pieces
 21350 | Orc:2    | Bought a scroll of summoning for 142 gold pieces
 21350 | Orc:2    | Bought a scroll of blinking for 112 gold pieces
 21350 | Orc:2    | Bought a scroll of fear for 60 gold pieces
 21350 | Orc:2    | Bought a scroll of revelation for 112 gold pieces
 21351 | Orc:2    | Bought a potion of heal wounds for 70 gold pieces
 21351 | Orc:2    | Bought 2 potions of heal wounds for 140 gold pieces
 21351 | Orc:2    | Bought a potion of ambrosia for 112 gold pieces
 21351 | Orc:2    | Bought a potion of heal wounds for 70 gold pieces
 21351 | Orc:2    | Bought a potion of cancellation for 112 gold pieces
 21684 | D:13     | Found a portal to a secret trove of treasure.
 21774 | D:13     | Reached skill level 14 in Dodging
 22018 | D:13     | Found a gate to the Vaults.
 22996 | D:13     | Noticed a tengu reaver
 23031 | D:13     | Killed a tengu reaver
 23032 | D:13     | Reached XP level 17. HP: 61/133 MP: 0/0
 23032 | D:13     | Learned a level 7 spell: Summon Hydra
 23159 | D:13     | Identified the amulet "Umod" {RegenMP -Tele rC+++ Int+4
                  | Dex-2}
 24108 | D:15     | Entered Level 15 of the Dungeon
 24116 | D:15     | Found Libapla's Weapon Shop.
 24162 | D:15     | Noticed Azrael
 24166 | D:15     | Killed Azrael
 24171 | D:15     | Reached skill level 15 in Dodging
 24235 | D:15     | Found Aqaziat's Antique Armour Shop.
 24425 | D:15     | Found Senaot's Jewellery Shoppe.
 24651 | D:15     | Found Gule's Distillery.
 24659 | D:15     | Bought a potion of curing for 48 gold pieces
 24659 | D:15     | Bought a potion of heal wounds for 80 gold pieces
 24659 | D:15     | Bought a potion of enlightenment for 80 gold pieces
 24659 | D:15     | Bought 2 potions of heal wounds for 160 gold pieces
 24659 | D:15     | Bought a potion of curing for 48 gold pieces
 24746 | D:15     | Found a staircase to the Depths.
 25116 | D:15     | Upgraded the game from 0.31-a0-978-g1e143483b6 to
                  | 0.31-a0-981-geadf994542
 25304 | Swamp:1  | Entered Level 1 of the Swamp
 25782 | Swamp:1  | Noticed Roxanne
 25831 | Swamp:1  | Killed Roxanne
 25966 | Swamp:1  | Found a white marble altar of Elyvilon.
 26217 | Swamp:2  | Reached XP level 18. HP: 114/144 MP: 0/0
 26530 | Swamp:2  | Identified the serpent talisman of Lifelessness {rF+ rC-
                  | Int+4 Stlth+}
 26530 | Swamp:2  | Noticed Aizul
 26543 | Swamp:2  | Killed Aizul
 27380 | Swamp:3  | Reached skill level 16 in Dodging
 27812 | Swamp:4  | Entered Level 4 of the Swamp
 27849 | Swamp:3  | HP: 3/145 [seven-headed hydra (13)]
 27849 | Swamp:3  | Mangled by a seven-headed hydra

Illustrated notes

Levels and vault maps discovered:
D:1:      dpeg_arrival_snail, layout_basic,
          chequers_ecumenical_altar_simple_redux
D:2:      minmay_recursive_quarters, layout_loops_corners
D:3:      layout_basic, mainiacjoe_overflow_catwalk_spiral,
          cheibrodos_sewer_entry_bend, serial_shops, shop
D:4:      layout_rooms, gammafunk_ghost_cemetery, serial_glass, glass_columns_a,
          glass_columns_b, glass_columns_a, glass_columns_b
D:5:      lemuel_castle_with_subvaults [lemuel_castle_interior_carwin_2],
          layout_gridville, grunt_gozag_statues, okawaru_ov_weapons_minmay,
          gammafunk_ghost_nasty_kobolds
D:6:      layout_rooms, slow_altar_1, temple_hall, lemuel_flamethrower_2,
          uniq_edmund
D:7:      lemuel_slime, layout_cave_pools, mainiacjoe_overflow_surrounded_room
D:8:      nicolae_cairo_tiling_large, layout_gridville, dk_yredelemnul_ordeal,
          serial_bayou, serial_bayou_shore_a, serial_bayou_pond_a,
          serial_bayou_pond_e, serial_bayou_ford_a, nicolae_ossuary_entry_plus,
          nicolae_lava_and_water
D:9:      layout_basic, grunt_qazlal_sundering, amcnicky_mini_pool_small,
          minmay_misc_feat_five, uniq_pikel
D:10:     layout_small_grid, grunt_dithmenos_smoke
D:11:     layout_cave_pools, dpeg_oklobed_lair, minmay_orc_entry_guard_dogs,
          serial_shops, nicolae_shop_real_fake_doors,
          nicolae_shop_advertising_works [nicolae_subvault_shop_adworks],
          nicolae_shop_peninsula, nicolae_shop_tiny_statue_garden,
          gammafunk_ghost_cemetery, minmay_gold_behind_fungi
D:12:     layout_roguey
D:13:     minmay_nested_s, layout_cave_pods,
          hangedman_vaults_entry_quadrant_bands, enter_trove_6
D:14:     layout_cross, hangedman_abyss_or_decor_passed
D:15:     hangedman_depths_entry_civil_slaughter, layout_grid_maze,
          serial_shops, shop, shop_statue, shop, shop, nicolae_zig_zag_zippers,
          uniq_azrael
Lair:1:   layout_layer_cave, grunt_megastairs_2, uniq_erica, uniq_maggie
Lair:2:   layout_cave_pods, alex1729_swamp_entry_worm_eleionoma,
          patterned_corridor
Lair:3:   nzn_winding_woodlands_stair_trap [nzn_winding_woodlands_5x15_garden,
          nzn_winding_woodlands_5x15_jagged, nzn_winding_woodlands_5x15_twine,
          nzn_winding_woodlands_15x15_boxy_spiral,
          nzn_winding_woodlands_5x15_zeroes, nzn_winding_woodlands_5x15_pockets,
          nzn_winding_woodlands_5x15_pool], layout_loops_ring,
          spider_nest_entry_web_field
Lair:4:   layout_misc_corridors, beast_lair_carwin_9
Lair:5:   wormcave, layout_regular_city, minmay_slime_entry_oklob_open,
          ebering_ghost_disaster_area, nicolae_lair_lindhole, lemuel_fruit_tree,
          lemuel_fruit_fields
Swamp:1:  layout_basic_swamp, basic_altar, uniq_roxanne
Swamp:2:  layout_basic_swamp, nicolae_swamp_bean_lake, swamp_pool_1_2,
          nicolae_swamp_very_dense_foliage, nicolae_swamp_hydra_murder_den,
          infiniplex_staircase_pool, uniq_aizul
Swamp:3:  layout_basic_swamp, nicolae_swamp_tree_isthmus, swamp_pool_4,
          nicolae_swamp_triple_paths
Swamp:4:  swamp_basic_johnstein, layout_basic_swamp
Orc:1:    dreamdust_wu_jian_sword_trials, layout_caves, basic_altar,
          portal_ice_cave_entry_pillars_1
Orc:2:    st_orc_pillars, layout_diamond_mine, nicolae_specific_store,
          uniq_nessos

Skill      XL: |  1  2  3  4  5  6  7  8  9 10 11 12 13 14 15 16 17 18 |
---------------+-------------------------------------------------------+-----
Spellcasting   | 4 5 6 7 8 10 11 12 13 | 13.8
Conjurations   | 4 5 6 7 8 10 11 12 13 | 13.8
Hexes          | 4 5 6 7 8 10 11 12 13 | 13.8
Summonings     | 4 5 6 7 8 10 11 12 13 | 13.8
Necromancy     | 4 5 6 7 8 10 11 12 13 | 13.8
Translocations | 4 5 6 7 8 10 11 12 13 | 13.8
Transmutations | 4 5 6 7 8 10 11 12 13 | 13.8
Fire Magic     | 4 5 6 7 8 10 11 12 13 | 13.8
Ice Magic      | 4 5 6 7 8 10 11 12 13 | 13.8
Air Magic      | 4 5 6 7 8 10 11 12 13 | 13.8
Earth Magic    | 4 5 6 7 8 10 11 12 13 | 13.8
Poison Magic   | 4 5 6 7 8 10 11 12 13 | 13.8
Fighting       | 1 2 3 5 6 7 9 10 11 12 13 14 | 14.6
Stealth        | 2 3 5 6 7 8 9 10 11 12 14 | 14.9
Shields        | 1 2 3 5 6 7 8 |  8.4
Dodging        | 3 4 6 7 9 10 11 12 13 14 15 16 | 16.0

Action                     |  1- 3 |  4- 6 |  7- 9 | 10-12 | 13-15 | 16-18 || total
---------------------------+-------+-------+-------+-------+-------+-------++-------
  Melee: Unarmed           |       |     5 |       |       |       |       ||     5
         Hand axe          |       |     2 |     1 |     5 |     4 |     2 ||    14
   Cast: Magic Dart        |    64 |   104 |   129 |   150 |   207 |    86 ||   740
         Searing Ray       |     1 |     1 |    18 |    24 |    22 |    10 ||    76
         Foxfire           |       |     5 |       |       |       |     1 ||     6
         Fulminant Prism   |       |     4 |    41 |   105 |   145 |   171 ||   466
         Iskenderun's Myst |       |     3 |    22 |    75 |   229 |   109 ||   438
         Inner Flame       |       |       |     1 |       |       |       ||     1
         Dimensional Bulls |       |       |     1 |       |       |       ||     1
         Lee's Rapid Decon |       |       |       |       |   123 |   117 ||   240
         Freezing Cloud    |       |       |       |       |     4 |     1 ||     5
         Eringya's Noxious |       |       |       |       |     2 |     1 ||     3
         Summon Hydra      |       |       |       |       |       |    96 ||    96
 Invoke: Curse Item        |       |       |     1 |     1 |     1 |     2 ||     5
    Use: Scroll            |     1 |     4 |     8 |    10 |     1 |     5 ||    29
         Potion            |       |     1 |       |     1 |     1 |     8 ||    11
 Armour: Robe              |     4 |    28 |    13 |    56 |    11 |       ||   112
         Skin              |       |       |     3 |       |       |       ||     3
         Steam dragon scal |       |       |       |       |   101 |   151 ||   252
  Dodge: Dodged            |     2 |    41 |    18 |    49 |   118 |   164 ||   392
  Block: Buckler           |       |       |       |    34 |    62 |    73 ||   169

Table legend: (Time is in decaauts)
 A = Elapsed time spent in this place.
 B = Non-inter-level travel time spent in this place.
 C = Inter-level travel time spent in this place.
 D = Time resting spent in this place.
 E = Time spent auto-exploring this place.
 F = Levels seen in this place.
 G = Mean time per level.
                   A        B        C        D        E       F      G
               +--------+--------+--------+--------+--------+-----+--------+
         Total |  27907 |  25799 |   2108 |   2175 |  17275 |  29 |  962.3 |
       Dungeon |  15306 |  13891 |   1415 |    791 |   9673 |  15 | 1020.4 |
          Lair |   6920 |   6413 |    507 |    712 |   4341 |   5 | 1384.0 |
         Swamp |   2355 |   2258 |     97 |    210 |   1573 |   4 |  588.8 |
  Orcish Mines |   1711 |   1622 |     89 |    151 |    994 |   2 |  855.5 |
         Sewer |    536 |    536 |      0 |    219 |    124 |   1 |  536.0 |
       Ossuary |    219 |    219 |      0 |      0 |    100 |   1 |  219.0 |
      Ice Cave |    857 |    857 |      0 |     92 |    470 |   1 |  857.0 |
               +--------+--------+--------+--------+--------+-----+--------+

Top non-repeatable levels by time:
    D:13: 1780 daAuts
  Lair:5: 1732 daAuts
  Lair:3: 1623 daAuts
     D:5: 1545 daAuts
  Lair:2: 1543 daAuts
     D:3: 1301 daAuts
  Lair:1: 1185 daAuts
     D:2: 1155 daAuts
     D:9: 1061 daAuts
    D:15: 1045 daAuts
     D:4: 1041 daAuts
    D:11: 1037 daAuts
     D:8: 1034 daAuts
   Orc:2: 1015 daAuts
 Swamp:2: 878 daAuts
